 Dungeon Crawl Stone Soup version 0.28.0 (webtiles) character file.

Game seed: 1826354524400228404

60 AmazingTV the Skirmisher (level 4, -2/35 HPs)
             Began as a Human Fighter on June 30, 2022.
             Killed from afar by Ijyb (36 damage)
             ... with a bolt of acid
             ... on level 3 of the Dungeon.
             The game lasted 00:04:57 (2188 turns).

AmazingTV the Skirmisher (Human Fighter)            Turns: 2188, Time: 00:04:58

Health: -2/35      AC:  6    Str: 17    XL:     4   Next: 25%
Magic:  4/4        EV:  9    Int:  8    God:
Gold:   83         SH:  5    Dex: 14    Spells: 3/3 levels left

rFire   . . .      SeeInvis .   a - +0 rapier {short}
rCold   . . .      Faith    .   c - +0 buckler
rNeg    . . .      Spirit   .   b - +0 scale mail
rPois   .          Reflect  .   (no helmet)
rElec   .          Harm     .   (no cloak)
rCorr   .          Rampage  .   (no gloves)
Will    .....                   (no boots)
Stlth   +.........              (no amulet)
HPRegen 0.11/turn               (no ring)
MPRegen 0.09/turn               (no ring)

@: no status effects
A: no striking features
a: no special abilities


You were on level 3 of the Dungeon.
You visited 1 branch of the dungeon, and saw 3 of its levels.

You collected 83 gold pieces.


   Skills:
 + Level 3.5 Fighting
 + Level 2.6 Short Blades
 + Level 1.5 Crossbows
 - Level 3.0 Armour
 + Level 1.7 Stealth
 - Level 3.0 Shields


You had 3 spell levels left.
You didn't know any spells.
Your spell library contained the following spells:

 Spells                   Type           Power      Damage    Failure   Level
 Ozocubu's Armour         Ice            0%         N/A       99%         3
 Ozocubu's Refrigeration  Ice            0%         4d5       100%        7

Inventory:

Hand Weapons
 a - a +0 rapier (weapon) {short}
 j - a +0 dagger of venom {short}
   (You took it off a goblin on level 1 of the Dungeon)
Missiles
 g - 29 stones (quivered)
 n - 21 bolts
 p - 14 arrows
Armour
 b - a +0 scale mail (worn)
 c - a +0 buckler (worn)
 i - a +0 leather armour
   (You found it on level 1 of the Dungeon)
Scrolls
 e - a scroll of identify {unknown}
 h - a scroll of holy word {unknown}
 l - a scroll of amnesia {unknown}
 s - a scroll of torment {unknown}
Potions
 d - a potion of might
 f - a potion of mutation {unknown}
 k - a potion of flight {unknown}
 m - a potion of ambrosia {unknown}
 o - a potion of curing {unknown}
 q - a potion of haste {unknown}
 r - a potion of heal wounds {unknown}

Dungeon Overview and Level Annotations

Branches:
Dungeon (3/15)

Altars:
Yredelemnul

Annotations:
D:3 Ijyb

###...# #.# #.#
......# #.# #.#
......####.#####.#
...........†.....#
.......###.#######
.......###.#######
##.##..#<........#
#.##..##...P###.#
#.##......P8# #@#
#.##..#..P.P# #g#
#..#..##P..P# #.#
##.#..###.).# #.#
#.#..###..####.#
#.8PPP.......#.#
..........##.#.#
#................
##...P##...#.#.##


You could see Ijyb.


Message History

😕 HP[-3]
You take 3 damage, and now have 32/35 hp.
You puncture the dart slug!
You kill the dart slug! 😕 HP[+1] Done exploring. 😎 HP[+2]
Your hp is fully restored (35).
Done exploring.
You see here a +0 hunting sling {sling}.
There is an open door here.
There is an open door here.
There is a stone staircase leading down here.
You climb downwards.
There is a stone staircase leading up here.
The adder skeleton bites you but does no damage.
You hit the adder skeleton. The adder skeleton bites you. 😕 HP[-2]
You take 2 damage, and now have 33/35 hp.
You hit the adder skeleton. The adder skeleton closely misses you.
The jackal skeleton closely misses you.
You puncture the adder skeleton!
You destroy the adder skeleton!
You block the jackal skeleton's attack.
You hit the jackal skeleton.
The jackal skeleton bites you but does no damage. 😕 HP[+1]
You hit the jackal skeleton.
You destroy the jackal skeleton!
No target in view!
You now have 53 gold pieces (gained 4).
Found a stone staircase leading up. 😎 HP[+1]
Your hp is fully restored (35).
A quokka skeleton comes into view.
A quokka skeleton is nearby!
No target in view!
A quokka skeleton is nearby!
You hit the quokka skeleton but do no damage.
You block the quokka skeleton's attack.
You puncture the quokka skeleton!
The quokka skeleton bites you but does no damage.
You puncture the quokka skeleton!
You destroy the quokka skeleton!
q - a sedimented black potion A hobgoblin comes into view.
The hobgoblin shouts!
You hit the hobgoblin. The hobgoblin hits you.
A ball python zombie comes into view.
The hobgoblin hits you but does no damage.
The ball python zombie moves out of view. 😕 HP[-2]
You take 2 damage, and now have 33/35 hp.
You barely miss the hobgoblin. You block the hobgoblin's attack.
You closely miss the hobgoblin.
The hobgoblin hits you but does no damage.
You hit the hobgoblin.
You kill the hobgoblin!
No target in view!
A ball python zombie is nearby! 😕 HP[+1]
A ball python zombie comes into view.
You puncture the ball python zombie!
You destroy the ball python zombie!
You see here 13 gold pieces. 😎 HP[+1]
Your hp is fully restored (35).
You barely miss the ball python zombie.
The ball python zombie bites you but does no damage.
The ball python zombie grabs you. The ball python zombie constricts you.
You barely miss the ball python zombie.
The ball python zombie bites you but does no damage.
The ball python zombie constricts you.
You hit the ball python zombie.
The ball python zombie barely misses you.
The ball python zombie constricts you. 😕 HP[-1]
You take 1 damage, and now have 34/35 hp.
You puncture the ball python zombie!
You destroy the ball python zombie!
You now have 66 gold pieces (gained 13).
You now have 72 gold pieces (gained 6).
Found a stone staircase leading down. 😎 HP[+1]
Your hp is fully restored (35).
r - a brown potion
s - a scroll labelled PAACAE KOPN You now have 83 gold pieces (gained 11).
You open the door.
You see here a hobgoblin corpse.
Ijyb the Twisted Goblin comes into view.
She is wielding a +0 dagger, wearing a +3 leather armour of willpower and carrying a wand of acid (12).
Ijyb shouts!
Ijyb zaps a wand.
The bolt of acid misses you.
You miss Ijyb. Ijyb hits you with a +0 dagger.
Ijyb zaps a wand.
The bolt of acid hits you!!!
Ouch! That really hurt!
You die...

Skill      XL: |  1  2  3 |
---------------+----------+-----
Stealth        | 1 |  1.7
Crossbows      | 1 |  1.5
Fighting       | |  3.5
Short Blades   | |  2.6
Armour         | |  3.0
Shields        | |  3.0

Action                   |  1- 3 |  4- 6 || total
-------------------------+-------+-------++-------
Melee: Rapier            |    96 |    25 ||   121
Armor: Scale mail        |    40 |     9 ||    49
Dodge: Dodged            |    28 |     8 ||    36
Block: Buckler           |    21 |     5 ||    26

Levels and vault maps discovered:
D:1:      tarquinn_simple_flora_water_d, layout_basic,
          shapermc_ecumenical_altar_ellora
D:2:      layout_basic, serial_forest, infiniplex_forest_lined_2,
          infiniplex_forest_lined_2, infiniplex_forest_lined_2,
          infiniplex_forest_lined_4_way, infiniplex_forest_lined_4_way,
          infiniplex_forest_clump_curved, infiniplex_forest_clump_C, basic_altar
D:3:      layout_basic, nemelex_dance_club_becter,
          nicolae_gozag_cash_rules_everything_around_me, serial_undead,
          serial_undead_c, serial_undead_e, serial_undead_a, serial_undead_e,
          minmay_misc_feat_chi, uniq_robin, uniq_ijyb

Notes
Turn   | Place    | Note
-------+----------+-------------------------------------------
     0 | D:1      | AmazingTV the Human Fighter began the quest for the Orb.
     0 | D:1      | Reached XP level 1. HP: 18/18 MP: 1/1
     0 | D:1      | magus.rc [v1.9.6]
   238 | D:1      | Reached XP level 2. HP: 23/24 MP: 2/2
   481 | D:1      | Found a faded altar of an unknown god.
   650 | D:2      | You add the spells Ozocubu's Armour and Ozocubu's
                  | Refrigeration to your library.
   656 | D:2      | Found a basalt altar of Yredelemnul.
   679 | D:2      | Reached skill level 1 in Stealth
  1040 | D:2      | Reached XP level 3. HP: 29/29 MP: 3/3
  1047 | D:2      | Reached skill level 1 in Crossbows
  1266 | D:2      | HP: 7/29 [poisoned by an adder]
  1269 | D:2      | HP: 3/29 [adder (3)]
  1790 | D:2      | Reached XP level 4. HP: 24/35 MP: 4/4
  2185 | D:3      | Noticed Ijyb
  2188 | D:3      | Killed from afar by Ijyb

Vanquished Creatures
  2 adders (D:2)
  An adder skeleton (D:3)
  A worm (D:2)
  2 dart slugs (D:2)
  An orc (D:2)
  2 ball pythons (D:2)
  2 endoplasms
  4 hobgoblins
  2 ball python zombies (D:3)
  4 bats
  3 frilled lizards
  6 goblins
  A jackal skeleton (D:3)
  A kobold (D:2)
  A quokka skeleton (D:3)
  2 rats
35 creatures vanquished.

Table legend:
 A = Non-vault XP
 B = Vault XP
 C = Vault XP percentage of total XP
 D = Non-vault monster count
 E = Vault monster count
 F = Vault count percentage of total count
                 A         B        C        D         E       F
            +---------+---------+-------+---------+---------+-------
      Total |      78 |       9 |  10.3 |      30 |       5 |  14.3
            +---------+---------+-------+---------+---------+-------
        D:1 |      15 |       0 |   0.0 |      10 |       0 |   0.0
        D:2 |      61 |       0 |   0.0 |      19 |       0 |   0.0
        D:3 |       2 |       9 |  81.8 |       1 |       5 |  83.3
            +---------+---------+-------+---------+---------+-------

Illustrated notes

Table legend:
 A = Kills in this place as a percentage of kills in entire the game.
 B = Kills by you in this place as a percentage of kills by you in the entire game.
 C = Kills by friends in this place as a percentage of kills by friends in the entire game.
 D = Other kills in this place as a percentage of other kills in the entire game.
 E = Experience gained in this place as a percentage of experience gained in the entire game.
 F = Experience gained in this place divided by the number of levels of this place that you have seen.
                   A       B       C       D       E      F
               +-------+-------+-------+-------+-------+----------------------
         Total | 100.0 | 100.0 |   N/A |   N/A | 100.0 |  29.0
       Dungeon | 100.0 | 100.0 |   N/A |   N/A | 100.0 |  29.0
               +-------+-------+-------+-------+-------+----------------------

Table legend: (Time is in decaauts)
 A = Elapsed time spent in this place.
 B = Non-inter-level travel time spent in this place.
 C = Inter-level travel time spent in this place.
 D = Time resting spent in this place.
 E = Time spent auto-exploring this place.
 F = Levels seen in this place.
 G = Mean time per level.
                   A        B        C        D        E       F      G
               +--------+--------+--------+--------+--------+-----+--------+
         Total |   2204 |   2123 |     81 |    509 |   1346 |   3 |  734.7 |
       Dungeon |   2204 |   2123 |     81 |    509 |   1346 |   3 |  734.7 |
               +--------+--------+--------+--------+--------+-----+--------+

Top non-repeatable levels by time:
     D:2: 1493 daAuts
     D:1: 593 daAuts
     D:3: 117 daAuts
